 Dungeon Crawl Stone Soup version 0.23.2-11-gf996548c65 (webtiles) character file.

Game seed: 887895658863150146

3521 Exporg the Grappler (level 9, -8/84 HPs)
             Began as a Troll Fighter on June 4, 2019.
             Was a Priest of Okawaru.
             Shot with a sling bullet by Joseph (16 damage)
             ... on level 8 of the Dungeon.
             The game lasted 00:10:32 (6932 turns).

Exporg the Grappler (Troll Fighter)                 Turns: 6932, Time: 00:10:32

Health: -8/84      AC: -2    Str: 32    XL:     9   Next: 81%
Magic:  8/8        EV: 11    Int:  4    God:    Okawaru [***...]
Gold:   292        SH: 11    Dex: 11    Spells: 8/8 levels left

rFire    . . .     SeeInvis .     - Unarmed
rCold    . . .     Gourm    +   b - +0 shield
rNeg     + . .     Faith    .   a - +0 robe
rPois    .         Spirit   .   (helmet restricted)
rElec    .         Reflect  .   (no cloak)
rCorr    .         Harm     .   (gloves unavailable)
MR       .....                  (boots unavailable)
Stlth    +.........             (no amulet)
HPRegen  0.64/turn              x - ring of positive energy
MPRegen  0.11/turn              (no ring)

@: mighty, corroded
A: large, unfitting armour, claws 3, fast metabolism 3, gourmand, regeneration
1, shaggy fur 1, tough skin 3
a: Heroism, Renounce Religion


You were on level 8 of the Dungeon.
You worshipped Okawaru.
Okawaru was most pleased with you.
You were full.

You visited 2 branches of the dungeon, and saw 9 of its levels.

You collected 292 gold pieces.

Inventory:

Hand Weapons
 v - a +0 flail of protection
Armour
 a - a +0 robe (worn)
 b - a +0 shield (worn)
Jewellery
 x - a ring of positive energy (left claw)
 y - an uncursed ring of magical power
Wands
 u - a wand of iceblast (21)
 A - a wand of random effects (11)
 B - a wand of flame (14)
 E - a wand of paralysis (7)
Scrolls
 e - 5 scrolls of remove curse {unknown}
 h - 8 scrolls of identify {unknown}
 m - a scroll of teleportation {unknown}
 n - 2 scrolls of enchant armour {unknown}
 o - a scroll of noise {unknown}
 p - 4 scrolls of immolation {unknown}
 q - a scroll of magic mapping {unknown}
 z - a scroll of blinking {unknown}
 C - a scroll of amnesia {unknown}
 D - a scroll of fog {unknown}
 F - a scroll of fear {unknown}
Potions
 c - 2 potions of might
 f - a potion of magic {unknown}
 g - 4 potions of mutation {unknown}
 i - 2 potions of flight {unknown}
 j - 2 potions of lignification {unknown}
 k - a potion of heal wounds {unknown}
 l - a potion of resistance {unknown}
 r - 6 potions of curing
 s - a potion of invisibility {unknown}
 t - a potion of degeneration {unknown}
 w - a potion of brilliance {unknown}
Comestibles
 d - 14 rations


   Skills:
 + Level 4.0 Fighting
 * Level 2.4 Maces & Flails
 + Level 5.5 Dodging
 - Level 1.0 Stealth
 + Level 5.8 Shields
 + Level 10.0 Unarmed Combat


You had 8 spell levels left.
You didn't know any spells.
Your spell library was empty.

Dungeon Overview and Level Annotations

Branches:
Dungeon (8/15)             Temple (1/1) D:7
   Lair: D:8-11

Altars:
Ashenzari
Cheibriados
Dithmenos
Elyvilon
Fedhas
Gozag
Hepliaklqana
Kikubaaqudgha
Makhleb
Nemelex Xobeh
Okawaru
Qazlal
Ru
Sif Muna
Trog
Uskayaw
Vehumet
Wu Jian
Xom
Yredelemnul
Zin
The Shining One

Shops:
D:6 (

Annotations:
D:5 2 transporters
D:8 Joseph


Innate Abilities, Weirdness & Mutations

You are too large for most types of armour.
You have claws for hands.
Your metabolism is lightning-fast.
You like to eat raw meat.
Your natural rate of healing is unusually fast.
You are covered in fur. (AC +1)
You have extremely tough skin. (AC +3)


Message History

You claw Joseph!
Joseph is lightly wounded.
Joseph zaps a wand.
The bolt of acid hits you!!
* * * LOW HITPOINT WARNING * * *
The acid corrodes you!
You are splashed with acid!
* * * LOW HITPOINT WARNING * * *
You completely miss Joseph.
Joseph is lightly wounded.
An adder comes into view.
Joseph hits you with a +2 quarterstaff of protection.
* * * LOW HITPOINT WARNING * * *
You barely miss Joseph.
Joseph is lightly wounded.
Unknown command.
Joseph unwields a +2 quarterstaff of protection.
Joseph wields a +0 hunting sling.
Joseph shoots a sling bullet.
You block the sling bullet.
You see here 2 sling bullets.
Joseph shoots a sling bullet.
The sling bullet hits you!
You die...

########
+.....<#
####.#@# # #(#
#†# #@# #h# #S#
.......[.......
.##@........r..
#.....##.....


You could see Joseph, a black bear and an adder.

Vanquished Creatures
  Harold (D:7)
  Prince Ribbit (D:6)
  A hippogriff (D:7)
  A wyvern (D:8)
  Edmund (D:4)
  An orc warrior (D:6)
  2 sky beasts
  A phantom (D:4)
  4 ogres
  A centaur (D:6)
  A bullfrog (D:7)
  3 killer bees (D:6)
  A howler monkey (D:4)
  3 hounds
  6 orc priests
  An iguana (D:5)
  13 orc wizards
  A bullfrog skeleton (D:4)
  Terence (D:2)
  4 worker ants
  A hound skeleton (D:6)
  11 adders
  15 gnolls
  A howler monkey skeleton (D:7)
  2 adder skeletons (D:4)
  3 worms
  2 dart slugs
  2 leopard geckos
  23 orcs
  5 giant cockroaches
  6 goblins
  2 hobgoblins
  6 quokkas
  A ball python (D:4)
  7 bats
  4 frilled lizards
  10 kobolds
  A quokka skeleton (D:4)
  A quokka zombie (D:7)
  5 rats
156 creatures vanquished.

Notes
Turn   | Place    | Note
-------+----------+-------------------------------------------
     0 | D:1      | Exporg the Troll Fighter began the quest for the Orb.
     0 | D:1      | Reached XP level 1. HP: 22/22 MP: 0/0
   297 | D:1      | Reached XP level 2. HP: 29/29 MP: 1/1
   314 | D:1      | Found a shimmering altar of Xom.
  1120 | D:2      | Reached XP level 3. HP: 36/36 MP: 2/2
  1137 | D:2      | Noticed Terence
  1144 | D:2      | Killed Terence
  1678 | D:2      | Reached skill level 3 in Unarmed Combat
  1678 | D:2      | Reached XP level 4. HP: 44/44 MP: 3/3
  1757 | D:3      | HP: 1/44 [orc priest/+0 mace (4)]
  1759 | D:3      | Reached XP level 5. HP: 2/50 MP: 4/4
  2109 | D:3      | Found a white marble altar of Elyvilon.
  2501 | D:4      | Reached skill level 4 in Unarmed Combat
  2521 | D:4      | HP: 2/52 [poisoned by a gnoll]
  2526 | D:4      | HP: 1/52 [poisoned by a gnoll]
  2531 | D:4      | HP: 1/52 [poisoned by a gnoll]
  2536 | D:4      | HP: 2/52 [poisoned by a gnoll]
  2685 | D:4      | Noticed Edmund
  2699 | D:4      | Killed Edmund
  2699 | D:4      | Reached XP level 6. HP: 33/59 MP: 5/5
  2817 | D:4      | Reached skill level 5 in Unarmed Combat
  2948 | D:4      | Reached XP level 7. HP: 65/67 MP: 6/6
  3076 | D:4      | Reached skill level 6 in Unarmed Combat
  3429 | D:5      | Entered Level 5 of the Dungeon
  3476 | D:5      | Found a transporter.
  3515 | D:5      | You fall through a shaft for 2 floors!
  3739 | D:7      | Found a staircase to the Ecumenical Temple.
  3756 | Temple   | Entered the Ecumenical Temple
  3885 | Temple   | Became a worshipper of Warmaster Okawaru
  3973 | D:7      | Reached XP level 8. HP: 70/75 MP: 7/7
  3997 | D:7      | Noticed a hippogriff
  4012 | D:7      | Killed a hippogriff
  4012 | D:7      | Reached skill level 7 in Unarmed Combat
  4074 | D:7      | Reached skill level 1 in Stealth
  4228 | D:7      | Reached * piety under Okawaru
  4388 | D:7      | Reached skill level 8 in Unarmed Combat
  4447 | D:7      | Noticed Harold
  4467 | D:7      | Killed Harold
  4467 | D:7      | Reached ** piety under Okawaru
  4467 | D:7      | Reached skill level 5 in Shields
  4467 | D:7      | Reached skill level 9 in Unarmed Combat
  4467 | D:7      | Reached XP level 9. HP: 29/84 MP: 8/8
  5123 | D:6      | Found Cenaud's Antique Weapon Shop.
  5324 | D:6      | Reached skill level 1 in Maces & Flails
  5324 | D:6      | Reached skill level 5 in Dodging
  5452 | D:6      | Noticed Prince Ribbit
  5474 | D:6      | Killed Prince Ribbit
  5762 | D:6      | Found a blossoming altar of Fedhas.
  5959 | D:5      | Reached *** piety under Okawaru
  6123 | D:5      | Found a transporter.
  6913 | D:8      | Noticed Joseph
  6923 | D:8      | Reached skill level 10 in Unarmed Combat
  6932 | D:8      | Shot with a sling bullet by Joseph

Skill      XL: |  1  2  3  4  5  6  7  8  9 |
---------------+----------------------------+-----
Unarmed Combat | 3 4 5 6 9 10 | 10.0
Dodging        | 3 4 5 |  5.5
Shields        | 3 4 5 |  5.8
Fighting       | 3 4 |  4.0
Stealth        | 1 |  1.0
Maces & Flails | 2 |  2.4

Action                   |  1- 3 |  4- 6 |  7- 9 || total
-------------------------+-------+-------+-------++-------
Melee: Unarmed           |    97 |   123 |   304 ||   524
  Use: Potion            |       |     2 |     2 ||     4
 Stab: Sleeping          |     2 |       |     2 ||     4
       Distracted        |       |       |     1 ||     1
  Eat: Chunk             |    17 |    16 |    32 ||    65
Armor: Robe              |    25 |    34 |    48 ||   107
Dodge: Dodged            |    24 |    29 |    78 ||   131
Block: Shield            |    27 |    50 |   125 ||   202
